Workbook
Name DEPT: ACCT!#REF!

Sheet TRANSFER
F1: Siskiyou County Auditor's Office | L1: RESOLUTION NO:
B2: BUDGET APPROPRIATION TRANSFER REQUEST
A5: DEPARTMENT | D5: =+VLOOKUP(I17,ORG!A3:B291,2,FALSE) -> PREDATORY ANIMAL CONTROL
J6: Date: | K6: =TODAY() -> 46300
A7: FISCAL YEAR | C7: 26/27
L8: Rule Code | M8: BD02
A10: Transfer from 723000 Professional Services to 762000 Equipment for front bumper with winch. Authorization to transfer any unused budget back to 723000 Professional Services
C14: BUDGET TRANSFER FROM: | I14: BUDGET TRANSFER TO:
A15: FUND | B15: ORG | C15: ACCT | D15: ACCOUNT | E15: ACTV | H15: FUND | I15: ORG | J15: ACCT | K15: ACCOUNT | L15: ACTV
A16: # | B16: # | C16: # | D16: NAME | E16: # | F16: AMOUNT | H16: # | I16: # | J16: # | K16: NAME | L16: # | M16: AMOUNT
A17: 1001 | B17: 207100 | C17: 723000 | D17: =+VLOOKUP(+C17,ACCT!$A:$B,2,FALSE) -> PROFESSIONAL & SPECIALIZED SERVICES | F17: 7100 | H17: 1001 | I17: 207100 | J17: 762000 | K17: =+VLOOKUP(+J17,ACCT!$A:$B,2,FALSE) -> EQUIPMENT | M17: 7100
D18: =+VLOOKUP(+C18,ACCT!$A:$B,2,FALSE) | K18: =+VLOOKUP(+J18,ACCT!$A:$B,2,FALSE)
D19: =+VLOOKUP(+C19,ACCT!$A:$B,2,FALSE) | K19: =+VLOOKUP(+J19,ACCT!$A:$B,2,FALSE)
D20: =+VLOOKUP(+C20,ACCT!$A:$B,2,FALSE) | K20: =+VLOOKUP(+J20,ACCT!$A:$B,2,FALSE)
D21: =+VLOOKUP(+C21,ACCT!$A:$B,2,FALSE) | K21: =+VLOOKUP(+J21,ACCT!$A:$B,2,FALSE)
D22: =+VLOOKUP(+C22,ACCT!$A:$B,2,FALSE) | K22: =+VLOOKUP(+J22,ACCT!$A:$B,2,FALSE)
D23: =+VLOOKUP(+C23,ACCT!$A:$B,2,FALSE) | K23: =+VLOOKUP(+J23,ACCT!$A:$B,2,FALSE)
D24: =+VLOOKUP(+C24,ACCT!$A:$B,2,FALSE) | K24: =+VLOOKUP(+J24,ACCT!$A:$B,2,FALSE)
D25: =+VLOOKUP(+C25,ACCT!$A:$B,2,FALSE) | K25: =+VLOOKUP(+J25,ACCT!$A:$B,2,FALSE)
D26: =+VLOOKUP(+C26,ACCT!$A:$B,2,FALSE) | K26: =+VLOOKUP(+J26,ACCT!$A:$B,2,FALSE)
D27: =+VLOOKUP(+C27,ACCT!$A:$B,2,FALSE) | K27: =+VLOOKUP(+J27,ACCT!$A:$B,2,FALSE)
D28: =+VLOOKUP(+C28,ACCT!$A:$B,2,FALSE) | K28: =+VLOOKUP(+J28,ACCT!$A:$B,2,FALSE)
D29: =+VLOOKUP(+C29,ACCT!$A:$B,2,FALSE) | K29: =+VLOOKUP(+J29,ACCT!$A:$B,2,FALSE)
D30: Total Journal | F30: =SUM(F17:F29) -> 7100 | K30: Total Journal | M30: =SUM(M17:M29) -> 7100
K31: =+VLOOKUP(+J31,ACCT!$A:$B,2,FALSE)
A34: COUNTY ADMINISTRATOR DATE | F34: SIGNATURE OF REQUESTING OFFICIAL DATE
A36: Official Use Only: | D36: BOARD ACTION REQUIRED? | E36: YES | H36: NO
A38: AYES: | H38: NOES: | K38: ABSENT:
A41: CHAIR, BOARD OF SUPERVISORS | H41: CLERK OF THE BOARD | L41: DATE
A43: TRANSFER APPROVED | H43: JV #
A45: White - Auditor
A46: Canary - Clerk
A47: Pink - Originating Department | H47: AUDITOR

Sheet ACCT
A1: DEPT | B1: Title
A2: 411000 | B2: EQUITY IN GFAAG
A3: 411100 | B3: EQUITY FROM GENERAL FUND
A4: 411200 | B4: EQUITY FROM SPECIAL REVENUE
A5: 411300 | B5: EQUITY FROM CAPITAL PROJECTS
A6: 411400 | B6: EQUITY FROM FEDERAL GRANTS
A7: 411500 | B7: EQUITY FROM STATE GRANTS
A8: 421100 | B8: CONTRIBUTED CAPITAL FROM GOVERNMENT
A9: 421150 | B9: CONTRIBUTED CAPITAL FROM DEVELOPERS
A10: 421200 | B10: CONTRIBUTED CAPITAL FROM INTERGOVT
A11: 421500 | B11: ACCUMULATED REDUCTION-CONTRIBUTED
A12: 431000 | B12: RETAINED EARNINGS - RESERVED
A13: 431100 | B13: RETAINED EARNINGS-FIXED ASSETS
... A829: 800000 | B829: APPROPRIATION FOR CONTINGENCIES
A830: 0

Sheet ORG
A1: ORG | B1: TITLE
A3: 0 | B3: NO COST CENTER
A4: 101010 | B4: BOARD OF SUPERVISORS
A5: 101030 | B5: COUNTY ADMINISTRATOR
A6: 101040 | B6: ASSESSSMENT APPEALS BOARD
A7: 101050 | B7: SPECIAL AUDITING
A8: 101089 | B8: COMMUNITY FORESTRY
A9: 102010 | B9: AUDITOR-CONTROLLER
A10: 102011 | B10: AUDITOR-CDB/GRANT
A11: 102020 | B11: ASSESSOR
A12: 102030 | B12: TREASURER-TAX COLLECTOR
A13: 103010 | B13: COUNTY COUNSEL
A14: 103020 | B14: PUBLIC GUARDIAN
... A307: 807106 | B307: 08-EDEF-5895 ECONOMIC ENTERPRISE

Sheet Extended Explanation
A1: EXTENDED EXPLANATION OF REASON FOR TRANSFER
A3: =+TRANSFER!A10 -> Transfer from 723000 Professional Services to 762000 Equipment for front bumper with winch. Authorization to transfer any unused budget back to 723000 Professional Services
